 Dungeon Crawl Stone Soup version 0.31-a0-232-gb1c03b2570 (webtiles) character file.

Game seed: 18214014609447128485

615 qw the Shooter (level 7, 0/60 HPs)
             Began as a Minotaur Hexslinger on July 7, 2023.
             Slain by Ijyb
             ... wielding a +0 dagger
              (1 damage)
             ... on level 4 of the Dungeon.
             The game lasted 00:01:30 (3631 turns).

qw the Shooter (Minotaur Hexslinger)                Turns: 3631, Time: 00:01:30

Health: 0/60       AC:  5    Str: 12    XL:     7   Next: 21%
Magic:  7/7        EV: 11    Int: 10    God:
Gold:   828        SH:  0    Dex: 15    Spells: 7/8 levels left

rFire   . . .        Y - +2 sling
rCold   . . .        (no shield)
rNeg    . . .        j - +0 ring mail
rPois   .            (helmet restricted)
rElec   .            (no cloak)
rCorr   .            (no gloves)
SInv    .            (no boots)
Will    .....        (no amulet)
Stlth   +            (no ring)
HPRegen 0.30/turn    (no ring)
MPRegen 0.10/turn

%: no passive effects
@: no status effects
A: horns 2, retaliatory headbutt
a: no special abilities


You were on level 4 of the Dungeon.
You visited 1 branch of the dungeon, and saw 4 of its levels.

You collected 828 gold pieces.


Innate Abilities, Weirdness & Mutations

You have a pair of horns on your head.
You reflexively headbutt those who attack you in melee.


   Skills:
 - Level 4.4 Fighting
 + Level 7.7 Ranged Weapons
 - Level 1.0 Armour
 - Level 2.1 Dodging
 - Level 1.0 Spellcasting
 - Level 2.0 Hexes


You had 7 spell levels left.
You knew the following spells:

 Your Spells              Type           Power      Damage    Failure   Level
a - Slow                  Hex            16%        N/A       34%         1

Your spell library contained the following spells:

 Spells                   Type           Power      Damage    Failure   Level
 Inner Flame              Hex/Fire       2%         N/A       83%         3
 Portal Projectile        Hex/Tloc       4%         N/A       83%         3
 Cause Fear               Hex            2%         N/A       98%         4

Inventory:

Hand Weapons
 Y - a +2 sling (weapon)
Armour
 j - a +0 ring mail (worn)
Scrolls
 i - a scroll of identify
Potions
 c - a potion of resistance {unknown}
 e - a potion of curing
 g - a potion of brilliance {unknown}

Dungeon Overview and Level Annotations

Branches:
Dungeon (4/15)
 Temple: D:4-7

Altars:
Xom

Annotations:
D:3 1 runed translucent door, Crazy Yiuf
D:4 Eustachio, Ijyb


Message History

The sling bullet completely misses the river rat.
The crimson imp summons a swarm of flies.
The crimson imp blinks!
The river rat barely misses you.
You shoot a sling bullet.
The sling bullet hits the river rat but does no damage.
The river rat bites you.
You shoot a sling bullet.
The sling bullet barely misses Eustachio.
The river rat bites you.
Eustachio gestures wildly while chanting.
Eustachio blinks!
You shoot a sling bullet. The sling bullet hits the river rat!
The river rat is severely wounded.
The river rat bites you.
Ijyb zaps a wand.
You resist with some effort.
Eustachio mumbles some strange words.
Eustachio blinks!
You shoot a sling bullet.
The sling bullet barely misses the river rat.
The crimson imp blinks!
The river rat bites you.
You shoot a sling bullet. The sling bullet hits the river rat.
The river rat is almost dead.
The river rat closely misses you. Ijyb hits you with a +0 dagger.
Ijyb zaps a wand.
You turn into a filthy swine.
Your +2 sling melds into your body.
Your +0 ring mail melds into your body.
The river rat bites you!
3630 ||| DRINKING potion of cancellation.
Your magical effects are unravelling.
You feel magically purged.
You feel less porcine.
Your +2 sling unmelds from your body.
Your +0 ring mail unmelds from your body.
The crimson imp shouts, "Scamper home, thou vain elf-skinned coxcomb!"
The river rat bites you but does no damage.
Ijyb closely misses you.
You shoot a sling bullet. The sling bullet hits the river rat.
You kill the river rat!
The river rat's corpse disappears in a puff of smoke!
Eustachio casts a spell.
Eustachio blinks!
Ijyb hits you with a +0 dagger.
You die...

#.#.#S##
#######..#
#.#.#.J
##(.......#
#.#.#..#
#.......¤.#
#.#.#...
#..........
..#.##.#
#..........
###.# .#
#.......... #.#
#..5¤@....#
#####%.@g..$..'
#...)..###....#
#.#####........
#.# .##... #
#.#####.## .
#.##.....#
#.#......#
#.#......#
#.#......#


You could see Eustachio, Ijyb and a crimson imp (summoned).

Vanquished Creatures
  A phantom (D:3)
  3 scorpions (D:4)
  A howler monkey (D:3)
  A hound (D:4)
  Natasha (twice) (D:3)
  5 gnolls (D:4)
  14 adders
  A dart slug (D:1)
  An orc (D:2)
  4 ball pythons
  7 endoplasms
  4 giant cockroaches
  3 goblins
  9 hobgoblins
  9 jackals
  7 kobolds
  A quokka (D:2)
  7 bats
  4 frilled lizards
  3 rats
87 creatures vanquished.

Vanquished Creatures (others)
  A giant cockroach (D:1)
1 creature vanquished.

Grand Total: 88 creatures vanquished

Notes
Turn   | Place    | Note
-------+----------+-------------------------------------------
     0 | D:1      | qw the Minotaur Hexslinger began the quest for the Orb.
     0 | D:1      | Reached XP level 1. HP: 16/16 MP: 1/1
     0 | D:1      | 0 ||| qw: Version: 0.3-a-46-gb1f654a
     0 | D:1      | 0 ||| qw: Game counter: 2837
     0 | D:1      | 0 ||| qw: Melee chars always use a shield: true
     0 | D:1      | 0 ||| qw: God list: Okawaru
     0 | D:1      | 0 ||| qw: Allow faded altars: false
     0 | D:1      | 0 ||| qw: Do Orc after clearing Dungeon:15 true
     0 | D:1      | 0 ||| qw: Do second Lair branch before Depths: true
     0 | D:1      | 0 ||| qw: Lair rune preference: random
     0 | D:1      | 0 ||| qw: Goals: Normal
     0 | D:1      | 0 ||| PLANNING D:1-11
     8 | D:1      | 8 ||| DROPPING scroll of poison.
   220 | D:1      | Reached skill level 3 in Ranged Weapons
   220 | D:1      | Reached XP level 2. HP: 23/23 MP: 2/2
   337 | D:1      | 337 ||| Stepping ~*~*~tactically~*~*~ (outnumbered).
   515 | D:1      | Reached XP level 3. HP: 29/29 MP: 3/3
   734 | D:1      | 734 ||| UPGRADING to +0 ring mail.
   744 | D:1      | 744 ||| DROPPING +0 robe.
   745 | D:1      | 745 ||| READING scroll labelled JALATT URILIME.
   748 | D:1      | 748 ||| READING scroll labelled MUSENA VUMEBB.
   748 | D:1      | Identified a scroll of acquirement
   748 | D:1      | 748 ||| ACQUIRING 603 gold pieces
   748 | D:1      | Acquired 603 gold pieces
   750 | D:1      | 750 ||| READING scroll labelled XANWAY EDOTT.
   751 | D:1      | 751 ||| READING scroll labelled WILOPT APTE.
  1029 | D:2      | Reached skill level 4 in Ranged Weapons
  1205 | D:2      | Reached skill level 1 in Armour
  1328 | D:2      | Reached XP level 4. HP: 29/36 MP: 4/4
  1589 | D:2      | Reached skill level 5 in Ranged Weapons
  1736 | D:2      | Reached XP level 5. HP: 38/44 MP: 5/5
  1763 | D:2      | Reached skill level 3 in Fighting
  2052 | D:2      | 2052 ||| DROPPING ring of wizardry.
  2053 | D:2      | 2053 ||| READING scroll labelled QITREH NALU.
  2054 | D:2      | 2054 ||| READING scroll labelled WOUSEHU KAXO.
  2055 | D:2      | 2055 ||| DRINKING 2 bubbling blue potions.
  2056 | D:2      | 2056 ||| DRINKING 3 brown potions.
  2057 | D:2      | 2057 ||| DRINKING 2 inky potions.
  2058 | D:2      | 2058 ||| DRINKING 2 puce potions.
  2059 | D:2      | 2059 ||| DROPPING potion of attraction.
  2102 | D:3      | 2102 ||| Stepping ~*~*~tactically~*~*~ (outnumbered).
  2185 | D:3      | Noticed a phantom
  2194 | D:3      | Killed a phantom
  2195 | D:3      | Reached skill level 6 in Ranged Weapons
  2255 | D:3      | Noticed Natasha
  2266 | D:3      | Killed Natasha
  2405 | D:3      | Noticed Natasha
  2418 | D:3      | Killed Natasha
  2419 | D:3      | Reached XP level 6. HP: 51/52 MP: 6/6
  2565 | D:3      | 2565 ||| FLEEEEING.
  2566 | D:3      | 2566 ||| FLEEEEING.
  2567 | D:3      | 2567 ||| STAIRDANCE
  2628 | D:2      | 2628 ||| READING scroll labelled BUTRIU ISUIF.
  2629 | D:2      | 2629 ||| READING scroll labelled INOIPE WOCABA.
  2930 | D:3      | Found a runed translucent door.
  2931 | D:3      | Noticed Crazy Yiuf
  3085 | D:3      | 3085 ||| DROPPING +6 ring of intelligence.
  3086 | D:3      | 3086 ||| READING scroll labelled OHAEHA FENE.
  3174 | D:4      | Found a shimmering altar of Xom.
  3192 | D:4      | 3192 ||| FLEEEEING.
  3193 | D:4      | 3193 ||| FLEEEEING.
  3199 | D:4      | 3199 ||| Stepping ~*~*~tactically~*~*~ (outnumbered).
  3206 | D:4      | HP: 8/53 [gnoll bouda/+0 whip (6)]
  3207 | D:4      | 3207 ||| READING 2 scrolls of teleportation.
  3208 | D:4      | 3208 ||| DRINKING 3 potions of heal wounds.
  3292 | D:4      | 3292 ||| Stepping ~*~*~tactically~*~*~ (outnumbered).
  3301 | D:4      | 3301 ||| Stepping ~*~*~tactically~*~*~ (outnumbered).
  3310 | D:4      | HP: 13/53 [scorpion (2)]
  3311 | D:4      | 3311 ||| READING scroll of teleportation.
  3311 | D:4      | HP: 2/53 [gnoll/+0 halberd (6)]
  3312 | D:4      | 3312 ||| DRINKING 2 potions of heal wounds.
  3315 | D:4      | 3315 ||| DRINKING potion of heal wounds.
  3318 | D:4      | Reached skill level 7 in Ranged Weapons
  3423 | D:4      | Reached XP level 7. HP: 26/60 MP: 7/7
  3611 | D:4      | Noticed Eustachio
  3613 | D:4      | Noticed Ijyb
  3628 | D:4      | HP: 13/60 [river rat[Eustachio] (4)]
  3629 | D:4      | HP: 1/60 [river rat[Eustachio] (10)]
  3630 | D:4      | 3630 ||| DRINKING potion of cancellation.
  3631 | D:4      | Slain by Ijyb

Levels and vault maps discovered:
D:1:      spicycebolla_green_bress_n_ham_2, layout_loops_ring,
          lemuel_flame_loot_1
D:2:      layout_basic, minmay_gold_behind_fungi, minmay_snake_closets
D:3:      layout_loops_ring, uniq_natasha, uniq_crazy_yiuf_cottage
D:4:      layout_basic, xom_redecorated, serial_bayou_pond_e,
          minmay_ogre_servants, uniq_eustachio, uniq_ijyb

Skill      XL: |  1  2  3  4  5  6 |
---------------+-------------------+-----
Ranged Weapons | 3 4 5 6 7 |  7.7
Fighting       | 2 3 4 |  4.4
Armour         | 1 |  1.0
Dodging        | |  2.1
Spellcasting   | |  1.0
Hexes          | |  2.0

Action                     |  1- 3 |  4- 6 |  7- 9 || total
---------------------------+-------+-------+-------++-------
   Fire: Sling             |   125 |   207 |    28 ||   360
    Use: Scroll            |     4 |     7 |       ||    11
         Potion            |       |     7 |     1 ||     8
 Armour: Robe              |     9 |       |       ||     9
         Ring mail         |    11 |    67 |    10 ||    88
  Dodge: Dodged            |    49 |   104 |    17 ||   170

Table legend:
 A = Non-vault XP
 B = Vault XP
 C = Vault XP percentage of total XP
 D = Non-vault monster count
 E = Vault monster count
 F = Vault count percentage of total count
                 A         B        C        D         E       F
            +---------+---------+-------+---------+---------+-------
      Total |     734 |     145 |  16.5 |      76 |      12 |  13.6
            +---------+---------+-------+---------+---------+-------
        D:1 |      51 |       0 |   0.0 |      27 |       0 |   0.0
        D:2 |      51 |     110 |  68.3 |      15 |      11 |  42.3
        D:3 |     253 |      35 |  12.2 |      18 |       1 |   5.3
        D:4 |     379 |       0 |   0.0 |      16 |       0 |   0.0
            +---------+---------+-------+---------+---------+-------
